Match 38770799
Unlisted

Match 38770799
End
Kradschützen Motorcycle Team
Selects Armored Support Battlegroup
Panzergrenadier Squad
Panzergrenadier Squad
250 Light Carrier
Construct Light Support Kompanie
Selects Superior Fire Drills
Combat Half-tracks
MG34 Team
Selects Salvage Kits
Construct Mechanized Kompanie
8 Rad Armored Car
Support Armor Elements
2.5-tonne Medical Truck
Veteran Squad Leaders
Marder III Tank Destroyer
Ole
BIOHAZARD
0
0

Comments sign in to comment!

No comments posted yet!